AoeStats
← Joey_did_it

Arabian Desert

510256121Analyzed
1v1 RM · 20h ago on Sep 30, 2026· 30m 2s· 2 players
Game mode
Random Map
Map size
Tiny (2 player)
Population
200
Speed
Normal
Resources
Standard
Victory
Conquest
Starting age
Dark Age
Ending age
Imperial Age
RankedLock teamsTeams togetherTeam positionsShared explorationLock speedFull tech treeHidden civsTurbo modeCheats
Victory
Defeat
🇨🇱 Malay · Chile
581
+11
🇺🇸 Sicilians · United States
478
-15
PoncHo
11:45 Feudal Age
20:18 Castle Age
18:15 Horse Collar
18:23 Double-Bit Axe
21:06 Bow Saw
22:20 Gold Mining
28:51 Forging
28:47 Scale Barding Armor
29:14 Heavy Plow
Joey_did_it
14:25 Feudal Age
15:58 Horse Collar
17:40 Wheelbarrow
18:13 Wheelbarrow
Connection lost

Rejoining the realm…

Still unreachable

The connection could not be restored.

Session expired

The server has moved on; the page needs a fresh start.